 Dungeon Crawl Stone Soup version 0.22-a0-396-g3f858e3 (webtiles) character file.

85 Monsterracer the Cudgeler (level 4, 0/35 HPs)
             Began as a Formicid Gladiator on May 3, 2018.
             Slain by a gnoll
             ... wielding a +0 whip
              (6 damage)
             ... on level 2 of the Dungeon.
             The game lasted 00:05:54 (2164 turns).

Monsterracer the Cudgeler (Formicid Gladiator)      Turns: 2164, Time: 00:05:55

Health: 0/35       AC:  7    Str: 18    XL:     4   Next: 75%
Magic:  4/4        EV:  5    Int:  9    God:
Gold:   163        SH:  0    Dex: 12    Spells: 3/3 levels left

rFire    . . .     SeeInvis +   a - +0 flail
rCold    . . .     Gourm    .   (no shield)
rNeg     . . .     Faith    .   j - +0 plate armour
rPois    .         Spirit   .   (helmet unavailable)
rElec    .         Reflect  .   (no cloak)
rCorr    .         Harm     .   (no gloves)
MR       +....     Clarity  +   (no boots)
Stlth    ..........             (no amulet)
HPRegen  0.11/turn              r - ring of protection from magic {!d}
MPRegen  0.09/turn              (no ring)

@: drained
A: permanent stasis, dig shafts and tunnels, four strong arms, antennae 3, slimy
green scales 1, clarity, deformed body
a: Dig, Shaft Self


You were on level 2 of the Dungeon.
You were very hungry.

You visited 1 branch of the dungeon, and saw 3 of its levels.

You collected 163 gold pieces.

Inventory:

Hand Weapons
 a - a +0 flail (weapon)
 p - a +0 broad axe
Missiles
 d - 3 throwing nets (quivered)
Armour
 j - a +0 plate armour (worn)
Jewellery
 r - a ring of protection from magic (left hand) {!d}
Scrolls
 e - a scroll of enchant armour {unknown}
 g - 2 scrolls of blinking {unknown}
 h - a scroll of identify {unknown}
 i - 2 scrolls of amnesia {unknown}
 m - 2 scrolls of enchant weapon {unknown}
 o - a scroll of magic mapping {unknown}
 q - a scroll of remove curse {unknown}
 t - a scroll of teleportation {unknown}
Potions
 b - a potion of mutation {!q}
 f - a potion of cancellation {unknown}
 l - a potion of haste {unknown}
 s - a potion of lignification {unknown}
Comestibles
 c - 2 rations


   Skills:
 + Level 3.1(2.2) Fighting
 * Level 4.2(3.3) Maces & Flails
 - Level 2.0(1.1) Throwing
 + Level 1.6(0.8) Armour
 - Level 2.8(2.0) Dodging


You had 3 spell levels left.
You didn't know any spells.

Dungeon Overview and Level Annotations

Branches:
Dungeon (3/15)

Altars:

Annotations:
D:3 iamserjio's ghost, amateur DEWz


Innate Abilities, Weirdness & Mutations

You cannot be hasted, slowed, berserked, paralysed or teleported.
You can dig through walls and to a lower floor.
Your four strong arms can wield two-handed weapons with a shield.
You have a pair of large antennae on your head. (SInv)
You are partially covered in slimy green scales. (AC +2)
You possess an exceptional clarity of mind.
Armour fits poorly on your strangely shaped body.


Message History

* * * LOW HITPOINT WARNING * * *
You are poisoned.
The adder poisons you! The adder bites you.
* * * LOW HITPOINT WARNING * * *
Your plate armour prevents you from hitting the adder.
The adder is almost dead.
You feel sick. The adder bites you but does no damage.
You take 1 damage, and have 5/34 hp.
You closely miss the adder.
The adder is almost dead.
You feel sick.
The adder bites you but does no damage. x2
Your plate armour prevents you from hitting the adder.
The adder is almost dead.
The adder bites you.
* * * LOW HITPOINT WARNING * * *
You are more poisoned.
The adder poisons you! The adder bites you but does no damage.
You take 1 damage, and have 4/34 hp.
You miss the adder.
The adder is almost dead.
* * * LOW HITPOINT WARNING * * *
You feel sick. The adder bites you.
* * * LOW HITPOINT WARNING * * *
You are more poisoned.
The adder poisons you!
You take 2 damage, and have 2/34 hp.
It was a potion of heal wounds.
You feel much better.
You feel sick. The adder barely misses you. The adder closely misses you.
You regained 23 hp, and now have 25/34 hp.
You miss the adder.
The adder is almost dead.
You feel sick. The adder bites you but does no damage.
You take 1 damage, and have 24/34 hp.
You miss the adder.
The adder is almost dead.
You feel sick. The adder bites you. The adder bites you but does no damage.
You take 2 damage, and have 22/34 hp.
You closely miss the adder.
The adder is almost dead.
You feel sick. The adder barely misses you. x2
You take 1 damage, and have 21/34 hp.
You barely miss the adder.
The adder is almost dead.
You feel sick. The adder bites you but does no damage.
You miss the adder.
The adder is almost dead.
The adder bites you but does no damage. x2
You hit the adder.
You kill the adder!
Your base Fighting skill increases to level 3!
You feel sick.
You take 1 damage, and have 20/35 hp.
Unknown command.
You closely miss the gnoll.
You feel sick. The gnoll hits you but does no damage. The gnoll hits you.
* * * LOW HITPOINT WARNING * * *
You take 3 damage, and have 17/35 hp.
You closely miss the gnoll. The gnoll barely misses you.
You barely miss the gnoll.
You feel sick. The gnoll barely misses you.
You take 1 damage, and have 16/35 hp.
Your plate armour prevents you from hitting the gnoll.
The gnoll hits you but does no damage.
You barely miss the gnoll.
You feel sick. The gnoll hits you.
* * * LOW HITPOINT WARNING * * *
The gnoll hits you.
* * * LOW HITPOINT WARNING * * *
You take 9 damage, and have 7/35 hp.
MASSIVE DAMAGE!!
You closely miss the gnoll. The gnoll hits you but does no damage.
You hit the gnoll.
The gnoll is moderately wounded.
You are feeling very hungry.
The gnoll hits you but does no damage.
You sock the gnoll!
You kill the gnoll!
You feel sick. The goblin closely misses you.
You hit the goblin.
You kill the goblin!
You hit the frilled lizard.
You kill the frilled lizard!
The gnoll hits you with a whip.
* * * LOW HITPOINT WARNING * * *
You take 4 damage, and have 3/35 hp.
* * * LOW HITPOINT WARNING * * *
You feel sick.
You take 1 damage, and have 2/35 hp.
* * * LOW HITPOINT WARNING * * *
You feel sick.
You take 1 damage, and have 1/35 hp.
* * * LOW HITPOINT WARNING * * *
You feel sick.
You are no longer poisoned.
You take 1 damage, and have 1/35 hp.
Unknown command.
There is an open door here.
There is an open door, spattered with blood here.
You see here a goblin corpse.
The gnoll hits you but does no damage.
Your plate armour prevents you from hitting the gnoll.
The gnoll hits you with a whip.
You die...

........)#..#....#
.###.....#..#....###############
.#######.#.....................#
.#....##.#..#.........########.#
.#....##'#(>'.........†.....##.#
.+..........#.........#####.##.#
##..........'.........# #.##.#
####+#......#####'#########....##
................@g...............
......................#########.#
......................# #.#
.......#.#............#########.#
.......#.#.....##'#.............#
.......#.#.....##.#.#############
.......#'#.....##.#.#
..................#.#
..............#####.#


You could see a gnoll.

Vanquished Creatures
  5 adders (D:2)
  A gnoll (D:2)
  A leopard gecko (D:2)
  4 bats (D:2)
  2 giant cockroaches
  4 goblins
  8 hobgoblins
  2 frilled lizards
  3 kobolds
  3 rats
33 creatures vanquished.

Notes
Turn   | Place    | Note
-------+----------+-------------------------------------------
     0 | D:1      | Monsterracer the Formicid Gladiator began the quest for the Orb.
     0 | D:1      | Reached XP level 1. HP: 16/16 MP: 1/1
   128 | D:1      | Reached XP level 2. HP: 23/23 MP: 2/2
   966 | D:2      | Reached XP level 3. HP: 28/28 MP: 3/3
  1148 | D:2      | HP: 14/28 [poisoned by an adder]
  1149 | D:2      | Reached skill level 1 in Armour
  1154 | D:2      | HP: 12/28 [poisoned by an adder]
  1162 | D:2      | HP: 10/28 [poisoned by an adder]
  1450 | D:2      | Reached XP level 4. HP: 34/34 MP: 4/4
  1593 | D:2      | Reached skill level 4 in Maces & Flails
  2045 | D:3      | Noticed iamserjio's ghost (amateur DEWz)
  2063 | D:2      | HP: 17/34 [poisoned by an adder]
  2068 | D:2      | HP: 14/34 [poisoned by an adder]
  2072 | D:2      | Gained mutation: Armour fits poorly on your strangely shaped body. [potion of mutation]
  2072 | D:2      | Gained mutation: You possess an exceptional clarity of mind. [potion of mutation]
  2072 | D:2      | Gained mutation: You are partially covered in slimy green scales. (AC +2) [potion of mutation]
  2077 | D:2      | HP: 17/34 [adder (1)]
  2082 | D:2      | HP: 10/34 [poisoned by an adder]
  2085 | D:2      | HP: 4/34 [adder (1)]
  2090 | D:2      | HP: 5/34 [poisoned by an adder]
  2093 | D:2      | HP: 2/34 [adder (1)]
  2101 | D:2      | HP: 17/35 [gnoll (3)]
  2105 | D:2      | HP: 7/35 [gnoll (2)]
  2110 | D:2      | HP: 3/35 [gnoll/whip (4)]
  2115 | D:2      | HP: 1/35 [poisoned by an adder]
  2164 | D:2      | Slain by a gnoll

Vault maps used:
D:1:      grunt_arrival_lava_bath, minivault_24
D:3:      nicolae_overflow_hidden_temple, first_ration, uniq_crazy_yiuf_cottage

Skill      XL: |  1  2  3  4 |
---------------+-------------+-----
Armour         | 1 |  1.6
Maces & Flails | 4 |  4.2
Fighting       | 3 |  3.1
Throwing       | |  2.0
Dodging        | |  2.8

Action                   |  1- 3 |  4- 6 || total
-------------------------+-------+-------++-------
Melee: Flail             |    96 |    69 ||   165
  Use: Potion            |       |     5 ||     5
  Eat: Chunk             |     2 |     1 ||     3
Armor: Plate armour      |    92 |    78 ||   170
Dodge: Dodged            |    36 |    32 ||    68

Table legend:
 A = Spawn XP
 B = Non-spawn XP
 C = Spawn XP percentage of total XP
 D = Spawn monster count
 E = Non-spawn monster count
 F = Spawn count percentage of total count
 G = Total turns spent on level
                    A         B        C        D         E        F      G
               +---------+---------+-------+---------+---------+-------+---------
         Total |       0 |     122 |   0.0 |       0 |      33 |   0.0 |  2164
               +---------+---------+-------+---------+---------+-------+---------
           D:1 |       0 |      19 |   0.0 |       0 |      11 |   0.0 |   897
           D:2 |       0 |     103 |   0.0 |       0 |      22 |   0.0 |  1258
               +---------+---------+-------+---------+---------+-------+---------

Vault maps used:
D:1:      grunt_arrival_lava_bath, minivault_24
D:3:      nicolae_overflow_hidden_temple, first_ration, uniq_crazy_yiuf_cottage
